 Dungeon Crawl Stone Soup version 0.26-a0-665-gefeb406119 (webtiles) character file.

Game seed: 2631786876688234375

32 somkeydreadnuts the Skirmisher (level 3, 29/29 HPs)
             Began as a Demonspawn Berserker on Oct 14, 2020.
             Was a Believer of Trog.
             Got out of the dungeon alive.
             The game lasted 00:02:49 (969 turns).

somkeydreadnuts the Skirmisher (DsBe)                Turns: 969, Time: 00:02:50

Health: 29/29      AC:  2    Str: 20    XL:     3   Next: 8%
Magic:  2/2        EV: 12    Int:  8    God:    Trog [**....]
Gold:   33         SH:  0    Dex: 12    Spells: 2/2 levels left

rFire    . . .     SeeInvis .   a - +0 hand axe
rCold    + . .     Faith    .   (no shield)
rNeg     . . .     Spirit   .   b - +0 animal skin
rPois    .         Reflect  .   (no helmet)
rElec    .         Harm     .   (no cloak)
rCorr    .         Rampage  .   (no gloves)
MR       .....                  k - +0 pair of boots
Stlth    +.........             (no amulet)
HPRegen  0.09/turn              (no ring)
MPRegen  0.08/turn              (no ring)

@: no status effects
A: hooves 1, cold resistance 1, deformed body, low mp 1, strong 1
a: Berserk, Trog's Hand, Renounce Religion


You escaped.
You worshipped Trog.
Trog was pleased with you.
You visited 1 branch of the dungeon, and saw 1 of its levels.

You collected 33 gold pieces.

Inventory:

Hand Weapons
 a - a +0 hand axe (weapon)
Armour
 b - a +0 animal skin (worn)
 k - a +0 pair of boots (worn)
Scrolls
 c - a scroll of enchant armour {unknown}
 f - a scroll of identify {unknown}
 g - a scroll of magic mapping {unknown}
 i - a scroll of remove curse {unknown}
 j - a scroll of teleportation {unknown}
Potions
 e - a potion of berserk rage {unknown}
 h - a potion of lignification {unknown}


   Skills:
 + Level 3.4 Fighting
 + Level 3.2 Axes
 + Level 1.8 Armour
 + Level 2.1 Dodging


You had 2 spell levels left.
You didn't know any spells.
Your spell library was empty.

Dungeon Overview and Level Annotations

Branches:
Dungeon (1/15)

Altars:


Innate Abilities, Weirdness & Mutations

You have large cloven feet.
Your flesh is cold resistant. (rC+)
Armour fits poorly on your strangely shaped body.
Your magical capacity is low. (-10% MP)
Your muscles are strong. (Str +2)


Message History

The rat barely misses you.
A rat is nearby!
The rat twitches its whiskers.
You hit the rat.
You kill the rat!
Trog accepts your kill.
You now have 33 gold pieces (gained 3).
You see here a robe.
You see here a mace.
Done exploring.
Done exploring.
There is an open door here.
You see here 17 stones.
There is a stone staircase leading down here.
You see here 17 stones.
There is an open door here.
There is an open door here.
There is a staircase leading out of the dungeon here.
Are you sure you want to leave the Dungeon?
This will make you lose the game!
You have escaped!

###.#.# #.###................
....#.#######.##..#...)..........
#####.#..............##..........
#.........##..##.........)...
######..####'###'##.....###.#####
..........#.(.#...####### #..####
#.#######.#.>.#...# ##...##. ..#
#..#...#...########.......
########..#.>.#.@.#..............
##....)...#...#(..#......#.#...##
...####...#.>.#...#......#...#.##
#### #..###...#...#......#.#.#..#
##.#####'###+#########.#..#..
#..# #...#...# #.......##.##.
#.## #..##..####...######.##.
##.# ##.###.####...## #.##.
#..###..###.......## ####.###


There were no monsters in sight!

Vanquished Creatures
  2 leopard geckos (D:1)
  A ball python (D:1)
  2 bats (D:1)
  3 giant cockroaches (D:1)
  4 goblins (D:1)
  2 hobgoblins (D:1)
  2 jackals (D:1)
  5 kobolds (D:1)
  A frilled lizard (D:1)
  3 rats (D:1)
25 creatures vanquished.

Notes
Turn   | Place    | Note
-------+----------+-------------------------------------------
     0 | D:1      | somkeydreadnuts the Demonspawn Berserker began the quest
                  | for the Orb.
     0 | D:1      | Reached XP level 1. HP: 18/18 MP: 1/1
    45 | D:1      | Gained mutation: You have large cloven feet. [demonic
                  | ancestry]
    45 | D:1      | Reached XP level 2. HP: 11/24 MP: 2/2
   448 | D:1      | Reached ** piety under Trog
   478 | D:1      | Reached XP level 3. HP: 10/29 MP: 3/3
   767 | D:1      | Gained mutation: You are dopey. (Int -2) [potion of
                  | mutation]
   767 | D:1      | Gained mutation: Your magical capacity is low. (-10% MP)
                  | [potion of mutation]
   767 | D:1      | Gained mutation: You are frail. (-10% HP) [potion of
                  | mutation]
   767 | D:1      | Gained mutation: Your flesh is cold resistant. (rC+)
                  | [potion of mutation]
   768 | D:1      | Lost mutation: You are dopey. (Int -2) [potion of mutation]
   768 | D:1      | Lost mutation: You are frail. (-10% HP) [potion of
                  | mutation]
   768 | D:1      | Gained mutation: You have a pair of small horns on your
                  | head. [potion of mutation]
   768 | D:1      | Lost mutation: You have a pair of small horns on your head.
                  | [potion of mutation]
   768 | D:1      | Gained mutation: Armour fits poorly on your strangely
                  | shaped body. [potion of mutation]
   768 | D:1      | Gained mutation: Your muscles are strong. (Str +2) [potion
                  | of mutation]
   969 | D:$      | Got out of the dungeon alive.

Illustrated notes

Levels and vault maps discovered:
D:1:      minmay_arrival_up_and_down, layout_rooms, minmay_misc_feat_five

Skill      XL: |  1  2 |
---------------+-------+-----
Axes           | 3 |  3.2
Dodging        | 2 |  2.1
Fighting       | |  3.4
Armour         | |  1.8

Action                   || total
-------------------------++-------
Melee: Hand axe          ||    61
       Kick              ||     8
  Use: Potion            ||     2
Armor: Animal skin       ||    18
Dodge: Dodged            ||    44

Table legend: (Time is in decaauts)
 A = Elapsed time spent in this place.
 B = Non-inter-level travel time spent in this place.
 C = Inter-level travel time spent in this place.
 D = Time resting spent in this place.
 E = Time spent auto-exploring this place.
 F = Levels seen in this place.
 G = Mean time per level.
                   A        B        C        D        E       F      G
               +--------+--------+--------+--------+--------+-----+--------+
         Total |    978 |    902 |     76 |      0 |    725 |   1 |  978.0 |
       Dungeon |    978 |    902 |     76 |      0 |    725 |   1 |  978.0 |
               +--------+--------+--------+--------+--------+-----+--------+

Top non-repeatable levels by time:
     D:1: 978 daAuts
